 Dungeon Crawl Stone Soup version 0.22.1-1-ga44c0e56f4 (webtiles) character file.

102 Inquisition the Digger (level 4, -4/24 HPs)
             Began as a Gargoyle Earth Elementalist on Oct 3, 2018.
             Was a Follower of Dithmenos.
             Killed by nerve-wracking pain
             ... invoked by an orc priest
              (6 damage)
             ... on level 3 of the Dungeon.
             The game lasted 00:28:18 (2235 turns).

Inquisition the Digger (GrEE)                       Turns: 2235, Time: 00:28:19

Health: -4/24      AC:  8    Str: 12    XL:     4   Next: 77%
Magic:  5/8        EV: 10    Int: 16    God:    Dithmenos [*.....]
Gold:   120        SH:  0    Dex: 10    Spells: 2/8 levels left

rFire    . . .     SeeInvis .   w - +0 rapier
rCold    . . .     Gourm    .   (no shield)
rNeg     + . .     Faith    .   q - +0 ring mail (curse)
rPois    ∞         Spirit   .   (no helmet)
rElec    +         Reflect  .   s - scarf {cloud immunity}
rCorr    .         Harm     .   (no gloves)
MR       .....                  (no boots)
Stlth    ++........             (no amulet)
HPRegen  0.08/turn              g - ring of stealth
MPRegen  0.11/turn              (no ring)

@: very slightly contaminated, wreathed by umbra
A: negative energy resistance 1, electricity resistance, unbreathing,
petrification resistance, rot immunity, AC +3
a: Renounce Religion


You were on level 3 of the Dungeon.
You worshipped Dithmenos.
Dithmenos was aware of your devotion.
You were not hungry.

You visited 1 branch of the dungeon, and saw 3 of its levels.

You collected 120 gold pieces.

Inventory:

Hand Weapons
 c - a +0 blowgun
 e - a +0 club
 j - a +1 dagger
 k - a +1 vampiric whip
 w - a +0 rapier (weapon)
 A - a +0 flail
 C - a +0 war axe
 D - a +0 rapier
Missiles
 a - 7 poisoned needles
 b - 66 stones (quivered)
 l - 22 bolts
 p - 41 sling bullets
Armour
 f - a +0 leather armour
 n - a +0 robe
 q - a cursed +0 ring mail (worn)
 r - a +0 scale mail
 s - a scarf of cloud immunity (worn)
 t - a +0 ring mail
 v - a +0 robe
 y - a +0 chain mail
 B - a +0 scale mail
Jewellery
 g - a ring of stealth (left hand)
Scrolls
 m - 3 scrolls of magic mapping
 u - a scroll of identify
 x - a scroll of enchant armour {unknown}
 z - a scroll of teleportation
 E - a scroll of immolation {unknown}
Potions
 h - a potion of heal wounds
 o - 2 potions of might
Comestibles
 d - 6 rations
 i - 2 chunks of flesh


   Skills:
 + Level 0.3 Fighting
 + Level 1.9 Dodging
 + Level 2.5 Stealth
 + Level 2.7 Spellcasting
 - Level 0.7 Transmutations
 + Level 5.4 Earth Magic


You had 2 spell levels left.
You knew the following spells:

 Your Spells              Type           Power        Failure   Level  Hunger
a - Sandblast             Erth           ###...       4%          1    #......
b - Passwall              Tmut/Erth      ##......     19%         2    ##.....
c - Stone Arrow           Conj/Erth      ##....       41%         3    ###....

Your spell library contained the following spells:

 Spells                   Type           Power        Failure   Level  Hunger
 Petrify                  Tmut/Erth      ##......     77%         4    #####..
 Lee's Rapid Deconstruct  Erth           ###.......   78%         5    ######.


Dungeon Overview and Level Annotations

Branches:
Dungeon (3/15)

Altars:
Dithmenos
Ru


Innate Abilities, Weirdness & Mutations

You are resistant to torment.
Your stone body is resilient. (AC +3)
You are immune to poison.
You resist negative energy. (rN+)
You are resistant to electric shocks. (rElec)
You can survive without breathing.
You are immune to petrification.
You are immune to rotting.


Message History

Beogh smites you!
Wield which item (- for none, * to show all)? (? for menu, Esc to quit)
w - a +0 rapier (weapon)
An orc comes into view.
Casting: Sandblast (safe; 4% risk of failure)
Confirm with . or Enter, or press ? or * to list all spells.
Aiming: Stone Arrow (slightly dangerous; 41% risk of failure)
Press: ? - help, Shift-Dir - straight line, f - orc priest
Aim: an orc priest, wielding a war axe You miscast Stone Arrow.
You are very lightly contaminated with residual magic.
You feel gritty.
The orc priest calls down the wrath of Beogh upon you.
Beogh smites you!
Ouch! That really hurt!
* * * LOW HITPOINT WARNING * * *
An orc comes into view. It is wielding a mace.
The orc priest mumbles some strange prayers to Beogh against you.
Pain shoots through your body!
You die...

#......# #.#.#
#......# #.# #o#
#.# #o########.
#.# #..........
#.# #..#######.
#.# #......... #.#
#.##############.#
#.o..@...........#
##################


You could see an orc priest.

Vanquished Creatures
  Terence (D:3)
  3 adders (D:2)
  A worm (D:3)
  A dart slug (D:1)
  2 leopard geckos (D:2)
  4 orcs (D:3)
  A giant cockroach (D:2)
  A goblin (D:1)
  4 hobgoblins
  4 jackals
  4 kobolds
  2 quokkas
  A ball python (D:2)
  3 bats
  A frilled lizard (D:1)
  5 rats
38 creatures vanquished.

Notes
Turn   | Place    | Note
-------+----------+-------------------------------------------
     0 | D:1      | Inquisition the Gargoyle Earth Elementalist began the quest
                  | for the Orb.
     0 | D:1      | Reached XP level 1. HP: 10/10 MP: 3/3
   342 | D:1      | Reached skill level 4 in Earth Magic
   342 | D:1      | Reached XP level 2. HP: 13/15 MP: 3/5
   666 | D:2      | Found a shadowy altar of Dithmenos.
   709 | D:2      | Reached XP level 3. HP: 19/19 MP: 3/6
   818 | D:2      | Became a worshipper of Dithmenos the Shadowed
   896 | D:2      | Found a sacrificial altar of Ru.
  1315 | D:2      | Reached XP level 4. HP: 24/24 MP: 5/7
  1347 | D:2      | Learned a level 2 spell: Passwall
  1352 | D:2      | Learned a level 3 spell: Stone Arrow
  1757 | D:3      | Noticed Terence
  1817 | D:3      | Reached skill level 5 in Earth Magic
  1956 | D:3      | Killed Terence
  1958 | D:3      | Reached * piety under Dithmenos
  2235 | D:3      | Killed from afar by an orc priest

Skill      XL: |  1  2  3  4 |
---------------+-------------+-----
Earth Magic    | 4 5 |  5.4
Fighting       | |  0.3
Dodging        | |  1.9
Stealth        | |  2.5
Spellcasting   | |  2.7
Transmutations | |  0.7

Action                   |  1- 3 |  4- 6 || total
-------------------------+-------+-------++-------
Melee: Club              |     7 |       ||     7
       Dagger            |    45 |    64 ||   109
Throw: Stone             |    18 |    13 ||    31
 Cast: Sandblast         |    21 |     9 ||    30
       Stone Arrow       |       |     3 ||     3
  Use: Potion            |     4 |     2 ||     6
       Scroll            |     4 |       ||     4
 Stab: Sleeping          |     1 |       ||     1
  Eat: Chunk             |     2 |       ||     2
       Ration            |       |     1 ||     1
Armor: Leather armour    |     1 |    14 ||    15
       Scale mail        |    30 |       ||    30
       Ring mail         |       |    10 ||    10
Dodge: Dodged            |    23 |    44 ||    67
